 Dungeon Crawl Stone Soup version 0.27.0-65-ge2af304b15 (webtiles) character file.

Game seed: 13558253947596619407

1680 Malachi the Grappler (level 8, -18/74 HPs)
             Began as a Troll Monk on Aug 18, 2021.
             Demolished by a boulder beetle (20 damage)
             ... on level 7 of the Dungeon.
             The game lasted 00:10:41 (5786 turns).

Malachi the Grappler (Troll Monk)                   Turns: 5786, Time: 00:10:42

Health: -18/74     AC:  5    Str: 22    XL:     8   Next: 71%
Magic:  16/16      EV: 10    Int:  6    God:
Gold:   493        SH:  0    Dex: 12    Spells: 7/7 levels left

rFire    . . .     SeeInvis .     - Unarmed
rCold    + . .     Faith    +   (no shield)
rNeg     . . .     Spirit   .   p - +1 robe of a treasure trove {rCorr}
rPois    .         Reflect  .   (helmet restricted)
rElec    .         Harm     .   (no cloak)
rCorr    +         Rampage  .   (gloves unavailable)
Will     .....                  (boots unavailable)
Stlth    ++........             f - amulet of faith
HPRegen  1.22/turn              g - ring of magical power
MPRegen  0.15/turn              w - ring of protection from cold

@: mighty
A: large, unfitting armour, claws 3, regeneration 1, shaggy fur 1, tough skin 1
a: no special abilities


You were on level 7 of the Dungeon.
You visited 1 branch of the dungeon, and saw 7 of its levels.

You collected 493 gold pieces.

Inventory:

Missiles
 j - 2 atropa-tipped darts (quivered)
 k - 50 poisoned darts
 o - 3 silver javelins
 s - a throwing net
Armour
 p - the +1 robe of a treasure trove (worn) {rCorr}
   (You found it on level 5 of the Dungeon)

   rCorr:     It protects you from acid and corrosion.
Jewellery
 a - a ring of resist corrosion
 f - an amulet of faith (around neck)
 g - a ring of magical power (left claw)
 l - a ring of ice
 w - a ring of protection from cold (right claw)
 z - a ring of wizardry
 A - a +6 ring of intelligence
Wands
 r - a wand of iceblast (27)
 t - a wand of acid (6)
Scrolls
 b - a scroll of enchant armour
 n - 2 scrolls of enchant weapon
 v - a scroll of summoning
 x - a scroll of identify
 y - a scroll of brand weapon {unknown}
Potions
 c - 4 potions of curing
 e - a potion of attraction
 h - 2 potions of heal wounds
 i - a potion of magic
 m - a potion of mutation {unknown}
 q - 3 potions of haste {unknown}
 u - a potion of berserk rage {unknown}


   Skills:
 - Level 2.4 Fighting
 - Level 2.4 Dodging
 - Level 1.0 Stealth
 * Level 11.4 Unarmed Combat


You had 7 spell levels left.
You didn't know any spells.
Your spell library contained the following spells:

 Spells                   Type           Power      Damage    Failure   Level
 Animate Dead             Necr           0%         N/A       99%         4
 Haunt                    Necr/Summ      0%         N/A       100%        7
 Infestation              Necr           0%         N/A       100%        8


Dungeon Overview and Level Annotations

Branches:
Dungeon (7/15)             Temple (0/1) D:7

Altars:
Cheibriados
Xom

Shops:
D:1 !*[*:   D:5 ?


Innate Abilities, Weirdness & Mutations

You are too large for most types of armour.
You have claws for hands.
Your natural rate of healing is unusually fast.
You are covered in fur. (AC +1)
You have tough skin. (AC +1)


Message History

A boulder beetle is nearby!
A boulder beetle is nearby!
Found a brown potion.
The helpless boulder beetle fails to defend itself.
You scratch the boulder beetle but do no damage.
The boulder beetle bites you!
You claw the boulder beetle!
The boulder beetle is moderately wounded.
The boulder beetle leaps!
No target in view!
No target in view!
No target in view!
A boulder beetle is nearby!
A boulder beetle is nearby!
A boulder beetle is nearby!
A boulder beetle is nearby!
The boulder beetle bites you!!
You scratch the boulder beetle but do no damage.
The boulder beetle is lightly wounded.
You scratch the boulder beetle but do no damage.
The boulder beetle is lightly wounded.
The boulder beetle barely misses you.
You claw the boulder beetle!
The boulder beetle is moderately wounded.
The boulder beetle bites you!
You are too injured to fight recklessly!
You are too injured to fight recklessly!
You claw the boulder beetle!
The boulder beetle is heavily wounded.
The boulder beetle bites you!!
* * * LOW HITPOINT WARNING * * *
You claw the boulder beetle!
The boulder beetle is severely wounded.
You feel very mighty all of a sudden. The boulder beetle bites you!
* * * LOW HITPOINT WARNING * * *
You scratch the boulder beetle.
The boulder beetle is severely wounded.
The boulder beetle bites you!!
You die...

#......##
######..#
##.## #..#
##.##
#..## #
##..###.#
##.....#
####@...##
#..B#####
#.!#..#
#.# ##.#
#. .# .#
.. .. ...


You could see a boulder beetle.

Vanquished Creatures
  2 water moccasins
  A black bear (D:7)
  A hornet zombie (D:6)
  An ogre (D:4)
  A phantom (D:5)
  A kobold brigand (D:7)
  2 scorpions
  6 killer bees (D:7)
  A centaur zombie (D:6)
  A gnoll shaman (D:4)
  2 hounds
  2 orc priests
  A bullfrog skeleton (D:7)
  4 iguanas
  Ijyb (D:4)
  An orc wizard (D:7)
  2 hound skeletons
  Robin (D:4)
  A howler monkey skeleton (D:7)
  A howler monkey zombie (D:4)
  11 gnolls
  8 adders
  2 white imps
  A worm (D:5)
  11 orcs
  4 bats
  9 endoplasms
  2 giant cockroaches
  15 goblins
  7 hobgoblins
  2 jackals (D:1)
  3 quokkas
  7 ball pythons
  2 frilled lizards
  7 kobolds
  2 rats (D:3)
126 creatures vanquished.

Notes
Turn   | Place    | Note
-------+----------+-------------------------------------------
     0 | D:1      | Malachi the Troll Monk began the quest for the Orb.
     0 | D:1      | Reached XP level 1. HP: 22/22 MP: 0/0
   105 | D:1      | Found Ashodybi's Book Emporium.
   146 | D:1      | Found Xoucykhle's Antique Armour Boutique.
   216 | D:1      | Reached XP level 2. HP: 26/29 MP: 1/1
   322 | D:1      | Found Duro's Distillery.
   389 | D:1      | Found Xur Ekiez's Assorted Antiques.
   462 | D:1      | Found Vume's General Store.
   633 | D:2      | Reached skill level 4 in Unarmed Combat
   738 | D:2      | Found a shimmering altar of Xom.
   750 | D:2      | Reached XP level 3. HP: 36/36 MP: 2/2
   888 | D:2      | Found a faded altar of an unknown god.
   888 | D:2      | Noticed a rust devil
  1249 | D:3      | Reached skill level 5 in Unarmed Combat
  1249 | D:3      | Reached XP level 4. HP: 41/44 MP: 3/3
  1307 | D:3      | Noticed a scorpion
  1319 | D:3      | Killed a scorpion
  1320 | D:3      | Reached skill level 6 in Unarmed Combat
  1320 | D:3      | Reached XP level 5. HP: 42/50 MP: 4/4
  2242 | D:4      | Reached XP level 6. HP: 55/59 MP: 5/5
  2491 | D:4      | Noticed Robin
  2492 | D:4      | Reached skill level 7 in Unarmed Combat
  2506 | D:4      | Killed Robin
  2825 | D:4      | Noticed Ijyb
  2833 | D:4      | Killed Ijyb
  2857 | D:4      | Reached skill level 8 in Unarmed Combat
  2857 | D:4      | Reached XP level 7. HP: 41/66 MP: 6/6
  3090 | D:5      | Entered Level 5 of the Dungeon
  3187 | D:5      | Found Unnieg's Magic Scroll Emporium.
  3380 | D:5      | Identified the +1 robe of a treasure trove {rCorr}
  3448 | D:5      | Found a snail-covered altar of Cheibriados.
  3801 | D:5      | Reached skill level 9 in Unarmed Combat
  3870 | D:5      | Found a shimmering altar of Xom.
  3913 | D:5      | Identified the +0 hand axe of Kiatweb {freeze, Fragile
                  | rElec Dex+10}
  4502 | D:6      | Reached XP level 8. HP: 63/74 MP: 7/7
  4505 | D:6      | Reached skill level 10 in Unarmed Combat
  5299 | D:7      | Reached skill level 11 in Unarmed Combat
  5654 | D:7      | Found a staircase to the Ecumenical Temple.
  5767 | D:7      | Noticed a boulder beetle
  5785 | D:7      | HP: 1/74 [boulder beetle (16)]
  5786 | D:7      | Demolished by a boulder beetle

Illustrated notes

Levels and vault maps discovered:
D:1:      dpeg_arrival_snail, layout_rooms, serial_shops, shop, shop, shop,
          shop, nicolae_shop_window_shopping, hex_intersection,
          wander_ebering_terrifying_dragon_lair
D:2:      layout_basic, basic_altar, dreamdust_ecumenical_altar_sealed_demon
D:3:      layout_basic, minmay_joined_circles
D:4:      layout_basic, uniq_ijyb, uniq_robin
D:5:      layout_loops_corners, mainiacjoe_overflow_concentric_impassable,
          mainiacjoe_overflow_small_starburst, serial_shops,
          nicolae_inconvenience_store, serial_co_window_serial,
          co_window_paths_b, co_window_corner_a, co_window_paths_a,
          co_window_paths_b, co_window_corner_a, co_window_unsneaky_path_e,
          co_window_corner_cb, co_window_of_opportunity_c,
          co_window_unsneaky_path_b, co_window_unsneaky_path_d, glass_columns_c,
          glass_columns_b
D:6:      layout_basic
D:7:      layout_layer_cave, minmay_temple_entry_mini_moons

Skill      XL: |  1  2  3  4  5  6  7  8 |
---------------+-------------------------+-----
Unarmed Combat | 4 5 6 8 9 11 | 11.4
Fighting       | |  2.4
Dodging        | |  2.4
Stealth        | |  1.0

Action                   |  1- 3 |  4- 6 |  7- 9 || total
-------------------------+-------+-------+-------++-------
Melee: Unarmed           |    57 |   165 |   149 ||   371
       Punch             |       |     4 |     7 ||    11
Evoke: Wand              |       |       |     2 ||     2
  Use: Scroll            |     3 |     3 |     7 ||    13
       Potion            |       |       |     1 ||     1
 Stab: Sleeping          |       |     2 |     3 ||     5
Armor: Robe              |    19 |    44 |    38 ||   101
Dodge: Dodged            |    26 |    76 |    73 ||   175
